 Dungeon Crawl Stone Soup version 0.27.1-2-g3b301248ec (webtiles) character file.

Game seed: 16480677049022034949

249 worthlessgem the Magician (level 6, -4/46 HPs)
             Began as a Djinni Warper on Sept 27, 2021.
             Slain by an orc warrior (17 damage)
             ... on level 4 of the Dungeon.
             The game lasted 00:15:38 (3624 turns).

worthlessgem the Magician (Djinni Warper)           Turns: 3624, Time: 00:15:40

Health: -4/46      AC:  4    Str: 10    XL:     6   Next: 35%
Gold:   145        EV: 11    Int: 16    God:
                   SH:  0    Dex: 13

rFire    + + .     SeeInvis .   a - +0 falchion (spect)
rCold    x . .     Faith    .   (no shield)
rNeg     . . .     Spirit   .   j - +0 leather armour
rPois    ∞         Reflect  .   k - +0 helmet
rElec    .         Harm     .   (no cloak)
rCorr    .         Rampage  .   (no gloves)
Will     .....                  (boots unavailable)
Stlth    +.........             (no amulet)
HPRegen  0.15/turn              (no ring)
MPRegen  0.00/turn              (no ring)

@: flying
A: sickness immunity, fire resistance 2, cold vulnerability 1, float, innate
caster, hp casting, extra vitality 1
a: no special abilities


You were on level 4 of the Dungeon.
You visited 1 branch of the dungeon, and saw 5 of its levels.

You collected 145 gold pieces.

Inventory:

Hand Weapons
 a - a +0 spectral falchion (weapon)
 b - a +0 hunting sling
 f - a +1 short sword of speed
 o - a +3 vorpal mace
Missiles
 d - 5 boomerangs of dispersal
 e - 34 stones (quivered)
 g - 26 bolts
 p - 16 poisoned darts
Armour
 h - a +0 ring mail
 j - a +0 leather armour (worn)
 k - a +0 helmet (worn)
Wands
 m - a wand of polymorph (6)
Scrolls
 c - 2 scrolls of blinking
 i - 2 scrolls of identify
 l - a scroll of teleportation
 n - a scroll of brand weapon


   Skills:
 + Level 3.2 Fighting
 + Level 3.0 Long Blades
 - Level 0.7 Throwing
 - Level 1.0 Armour
 - Level 2.1 Dodging
 - Level 4.2 Spellcasting


You couldn't memorise any spells.
You knew the following spells:

 Your Spells              Type           Power      Damage    Failure   Level
a - Blink                 Tloc           N/A        N/A       6%          2
b - Lesser Beckoning      Tloc           8%         N/A       12%         3
c - Gell's Gravitas       Tloc           8%         N/A       12%         3
d - Teleport Other        Tloc           16%        N/A       12%         3
e - Manifold Assault      Tloc           16%        N/A       73%         5
f - Sandblast             Erth           32%        2d9       4%          1
g - Slow                  Hex            16%        N/A       6%          2
Your spell library was empty.

Dungeon Overview and Level Annotations

Branches:
Dungeon (5/15)
 Temple: D:4-7

Altars:
Sif Muna

Annotations:
D:3 1 runed translucent door, Crazy Yiuf
D:4 Edmund


Innate Abilities, Weirdness & Mutations

You are immune to sickness and miasma.
You are immune to poison.
Your flesh is very heat resistant. (rF++)
You are vulnerable to cold. (rC-)
You float through the air rather than walking.
You learn spells naturally, not from books.
Your magical power is your life essence.
You have superior vitality. (+4 HP)


Message History

Casting: Slow (safe; 6% risk of failure)
Confirm with . or Enter, or press ? or * to list all spells.
Okay, then.
The orc hits you with a +0 dagger.
You fly upwards.
Level annotation: Edmund
There is a stone staircase leading down here.
Unknown command.
You barely miss the orc.
Your +0 spectral falchion hits the orc!
You kill the orc!
Your Long Blades skill increases to level 3!
No target in view!
You fly downwards.
The orc closely misses you.
You riposte.
You closely miss the orc.
Your +0 spectral falchion hits the orc!
You kill the orc!
The orc warrior hits you with a +0 short sword.
There is a stone staircase leading up here.
The orc closely misses you. The orc warrior barely misses you.
You fly upwards.
Your summoned ally is left behind.
Your +0 spectral falchion fades away.
Level annotation: Edmund
There is a stone staircase leading down here.
Unknown command.
There are monsters nearby!
You closely miss the orc warrior.
Your +0 spectral falchion hits the orc warrior.
The orc hits you with a +0 falchion.
The orc warrior hits you with a +0 short sword!
You hit the orc warrior.
The orc warrior is moderately wounded.
Your +0 spectral falchion hits the orc warrior!
The orc hits you with a +0 falchion.
The orc warrior hits you with a +0 short sword!
You hit the orc warrior but do no damage.
The orc warrior is severely wounded.
Your +0 spectral falchion closely misses the orc warrior.
The orc hits you with a +0 falchion.
* * * LOW HITPOINT WARNING * * *
The orc warrior hits you with a +0 short sword!
You die...

.$.........##.#
...............
.......<......#
$..........#..#
...............
...../........#
....###.....##.
...# #.(##.....
..# #o@o......
## #..####.##
#### ##


You could see an orc warrior, an orc and a friendly +0 spectral falchion
(summoned).

Vanquished Creatures
  An orc priest (D:4)
  Ijyb (D:4)
  2 iguanas (D:4)
  3 gnolls (D:2)
  2 adders
  An adder skeleton (D:4)
  A worm (D:3)
  2 dart slugs (D:4)
  6 orcs
  9 bats
  5 endoplasms
  8 giant cockroaches
  6 goblins
  7 hobgoblins
  4 jackals
  4 quokkas
  6 ball pythons
  2 frilled lizards (D:1)
  5 kobolds
  5 rats
80 creatures vanquished.

Notes
Turn   | Place    | Note
-------+----------+-------------------------------------------
     0 | D:1      | worthlessgem the Djinni Warper began the quest for the Orb.
     0 | D:1      | Reached XP level 1. HP: 18/18 MP: 0/0
   361 | D:1      | Reached XP level 2. HP: 23/23 MP: 0/0
   428 | D:1      | Reached skill level 3 in Spellcasting
   606 | D:1      | Reached XP level 3. HP: 26/28 MP: 0/0
   606 | D:1      | Learned a level 1 spell: Sandblast
  1317 | D:2      | Found a faded altar of an unknown god.
  1513 | D:2      | Reached XP level 4. HP: 33/33 MP: 0/0
  2018 | D:2      | Reached skill level 4 in Spellcasting
  2345 | D:4      | Noticed Edmund
  2534 | D:3      | Reached XP level 5. HP: 38/38 MP: 0/0
  2534 | D:3      | Learned a level 2 spell: Slow
  2799 | D:3      | Found a runed translucent door.
  2800 | D:3      | Noticed Crazy Yiuf
  2914 | D:4      | Noticed Ijyb
  3215 | D:4      | Killed Ijyb
  3216 | D:4      | Reached XP level 6. HP: 27/45 MP: 0/0
  3614 | D:5      | Entered Level 5 of the Dungeon
  3614 | D:5      | Noticed an orc warrior
  3624 | D:4      | Slain by an orc warrior

Illustrated notes

Levels and vault maps discovered:
D:1:      amcnicky_arrival_gap_in_the_tavern_cellar, layout_basic
D:2:      layout_loops_ring, basic_ecumenical_altar, basic_altar
D:3:      layout_loops_ring, hangedman_decor_lopped, uniq_crazy_yiuf_cottage
D:4:      minmay_octagon_keep, layout_cave_pools, uniq_pikel, uniq_edmund,
          uniq_ijyb
D:5:      layout_basic, minmay_temple_entry_enclosed_plants,
          nrook_mini_backslash, patterned_corridor, uniq_blork_the_orc

Skill      XL: |  1  2  3  4  5  6 |
---------------+-------------------+-----
Spellcasting   | 3 4 |  4.2
Long Blades    | 2 3 |  3.0
Fighting       | 3 |  3.2
Throwing       | |  0.7
Armour         | |  1.0
Dodging        | |  2.1

Action                   |  1- 3 |  4- 6 || total
-------------------------+-------+-------++-------
Melee: Falchion          |   108 |    91 ||   199
 Fire: Hunting sling     |       |     3 ||     3
 Cast: Sandblast         |     1 |     9 ||    10
       Blink             |       |     3 ||     3
       Slow              |       |     2 ||     2
  Use: Scroll            |       |     2 ||     2
       Potion            |       |     4 ||     4
 Stab: Sleeping          |     1 |       ||     1
Armor: Leather armour    |    46 |    27 ||    73
       Skin              |       |     1 ||     1
Dodge: Dodged            |    67 |    61 ||   128
       Rpst.: Falchion   |    19 |    19 ||    38
